 Dungeon Crawl Stone Soup version 0.32-a0-163-g159c032296 (webtiles) character file.

Game seed: 5255929202191713690

123688 jasper the Spry (level 16, -17/100 HPs)
             Began as a Deep Elf Alchemist on Feb 11, 2024.
             Was an Elder of Sif Muna.
             Killed themself with a badly aimed fireball (42 damage)
             ... on level 1 of the Snake Pit.
             The game lasted 01:04:54 (37396 turns).

jasper the Spry (Deep Elf Alchemist)               Turns: 37396, Time: 01:04:55

Health: -17/100    AC: 10    Str:  5    XL:     16   Next: 37%
Magic:  4/32       EV: 23    Int: 45    God:    Sif Muna [****..]
Gold:   1597       SH:  6    Dex: 21    Spells: 2/35 levels left

rFire   . . .        s - staff of conjuration
rCold   + . .        d - +0 buckler
rNeg    + + +        q - +2 robe {rC+}
rPois   +            M - +2 hat {Int+3}
rElec   +            K - +2 cloak {rPois}
rCorr   .            C - +1 pair of gloves
SInv    .            L - -2 pair of boots of Eternity {*Slow rElec Int+3 Dex+6}
Will    ++++.        Q - amulet of the Four Winds {rN+ Will+++ Clar}
Stlth   +            e - ring of Wint {Wiz rC- rN+++ Int+10 Stlth-}
HPRegen 0.36/turn    a - ring of protection from cold
MPRegen 0.23/turn

%: slow self (1%), clarity, wizardry (x1)
@: lethally poisoned (-17 -> -22), channelling, very slightly contaminated
A: no striking features
a: Renounce Religion, Channel Magic, Forget Spell, Divine Exegesis


You were on level 1 of the Snake Pit.
You worshipped Sif Muna.
Sif Muna was greatly pleased with you.
You visited 4 branches of the dungeon, and saw 23 of its levels.
You also visited: Bailey and Ice Cave.

You collected 3331 gold pieces.
You spent 1734 gold pieces at shops.

Inventory:

Missiles
 c - 234 stones
 y - 5 throwing nets
 I - 7 curare-tipped darts
Armour
 d - a +0 buckler (worn)
 q - a +2 robe of cold resistance (worn)
 v - a +1 kite shield of cold resistance
 C - a +1 pair of gloves (worn)
 K - a +2 cloak of poison resistance (worn)
 L - the -2 pair of boots of Eternity (worn) {*Slow rElec Int+3 Dex+6}
   (You acquired it on level 5 of the Lair of Beasts)

   Int+3:     It affects your intelligence (+3).
   Dex+6:     It affects your dexterity (+6).
   rElec:     It insulates you from electricity.
   *Slow:     It may slow you when you take damage.
 M - a +2 hat of intelligence (worn)
Magical Staves
 s - a staff of conjuration (weapon)
 Y - a staff of earth
Jewellery
 a - a ring of protection from cold (right hand)
 e - the ring of Wint (left hand) {Wiz rC- rN+++ Int+10 Stlth-}
   (You bought it in a shop on level 6 of the Dungeon)

   [ring of wizardry]

   Wiz:       It improves your spell success rate.
   Int+10:    It affects your intelligence (+10).
   rC-:       It makes you vulnerable to cold.
   rN+++:     It renders you almost immune to negative energy.
   Stlth-:    It makes you less stealthy.
 g - a ring of protection from fire
 t - a ring of resist corrosion
 P - a ring of fire
 Q - the amulet of the Four Winds (around neck) {rN+ Will+++ Clar}
   (You found it on level 4 of the Lair of Beasts)

   [amulet of nothing]

   rN+:       It protects you from negative energy.
   Will+++:   It greatly increases your willpower.
   Clar:      It protects you from confusion, rage, mesmerisation and fear.
Talismans
 m - a granite talisman
Wands
 k - a wand of acid (3)
 p - a wand of digging (3)
 w - a wand of mindburst (36)
 O - a wand of iceblast (9)
 W - a wand of flame (40)
Scrolls
 f - 2 scrolls of revelation
 z - 2 scrolls of amnesia
 A - a scroll of enchant weapon
 B - 7 scrolls of teleportation
 N - a scroll of torment
 S - 4 scrolls of fear
 T - a scroll of brand weapon
 U - a scroll of vulnerability
 V - 4 scrolls of poison
 X - 4 scrolls of identify
 Z - 3 scrolls of blinking
Potions
 b - 4 potions of magic
 h - 9 potions of curing
 i - 2 potions of heal wounds
 l - 4 potions of degeneration
 n - 2 potions of resistance
 o - 5 potions of enlightenment
 r - 2 potions of might
 u - 4 potions of mutation
 D - 4 potions of haste
 E - 2 potions of invisibility
 F - 6 potions of lignification
 G - 7 potions of attraction
 H - 2 potions of cancellation
 J - a potion of brilliance
 R - a potion of ambrosia


   Skills:
 - Level 11.0 Fighting
 - Level 15.1 Dodging
 - Level 2.4 Stealth
 - Level 5.0 Shields
 - Level 10.0 Spellcasting
 - Level 15.0 Conjurations
 - Level 4.0 Summonings
 - Level 8.0 Fire Magic
 - Level 4.2 Air Magic
 - Level 7.0 Earth Magic
 - Level 6.0 Alchemy
 - Level 13.0 Invocations
 + Level 6.8 Shapeshifting


You had 2 spell levels left.
You knew the following spells:

 Your Spells              Type           Power      Damage    Failure   Level
a - Sting                 Conj/Alch      100%       1d9       1%          1
b - Mephitic Cloud        Conj/Alch/Air  99%        N/A       1%          3
c - Olgreb's Toxic Radia  Alch           67%        N/A       1%          4
d - Sticky Flame          Fire/Alch      72%        2d12      1%          4
e - Apportation           Tloc           44%        N/A       1%          1
f - Summon Lightning Spi  Summ/Air       56%        N/A       1%          4
g - Bombard               Conj/Erth      55%        9d9       1%          6
h - Fireball              Conj/Fire      56%        3d22      1%          5
i - Yara's Violent Unrav  Hex/Alch       24%        3d11      7%          5

Your spell library contained the following spells:

 Spells                   Type           Power      Damage    Failure   Level
 Freeze                   Ice            88%        1d9       1%          1
 Jinxbite                 Hex            44%        N/A       1%          2
 Mercury Vapours          Alch/Air       100%       N/A       1%          2
 Hailstorm                Conj/Ice       94%        3d15      1%          3
 Animate Armour           Summ/Erth      100%       N/A       1%          4
 Brom's Barrelling Bould  Conj/Erth      100%       2d11      1%          4
 Flame Wave               Conj/Fire      100%       2d21      1%          4
 Alistair's Intoxication  Alch           44%        N/A       1%          5
 Arcjolt                  Conj/Air       52%        1d62      1%          5
 Iskenderun's Battlesphe  Conj           100%       2d15      1%          5
 Lee's Rapid Deconstruct  Erth           36%        3d18*     1%          5
 Orb of Destruction       Conj           62%        9d15      1%          7
 Frozen Ramparts          Ice            44%        1d7       2%          3
 Fugue of the Fallen      Necr           22%        N/A       2%          3
 Ozocubu's Armour         Ice            22%        N/A       2%          3
 Conjure Ball Lightning   Conj/Air       52%        3x3d18    2%          6
 Manifold Assault         Tloc           22%        N/A       9%          4
 Spellforged Servitor     Conj/Summ      52%        N/A       14%         7
 Lehudib's Crystal Spear  Conj/Erth      55%        10d13     50%         8
 Enfeeble                 Hex            11%        N/A       99%         7
 Chain Lightning          Conj/Air       52%        3d69      100%        9


Dungeon Overview and Level Annotations

Branches:
Dungeon (15/15)            Temple (0/1) D:7            Lair (5/5) D:8
  Swamp (0/4) Lair:3        Snake (1/4) Lair:2        Slime (0/5) Lair:5
    Orc (2/2) D:12            Elf (0/3) Orc:2        Vaults (0/5) D:14
 Depths (0/4) D:15         Bailey (visited)           IceCv (visited)

Altars:
Ashenzari
Cheibriados
Dithmenos
Elyvilon
Gozag
Makhleb
Okawaru
Sif Muna
Trog
Uskayaw
Vehumet
Wu Jian
Xom
Yredelemnul
Zin
The Shining One
Jiyva
Lugonu

Shops:
D:2 ?   D:6 (=(   Orc:1 :   Orc:2 [(*(   Snake:1 =

Portals:
Abyss: Lair:5

Annotations:
D:4 1 transporter, minhee2137's ghost, amateur MiBe
D:5 2 transporters, zenocrate's ghost, weakling GnDe
D:6 2 transporters, CougarLife's ghost, novice GnEE
D:8 3 runed translucent doors
D:11 3 runed translucent doors, jasper's ghost, journeyman GrEE
D:12 1 runed translucent door, Enofyubu's ghost, journeyman MiHu
D:14 1 runed translucent door, Kibis's ghost, journeyman DsGl


Message History

The splash of poison hits you. You resist. The naga warrior constricts you.
* * * LOW HITPOINT WARNING * * *
You take 14 damage, and have 26/100 hp.
Casting: Summon Lightning Spire (mildly dangerous; 1% risk of failure)
Confirm with . or Enter, or press ? or * to list all spells.
Okay, then.
You feel sick.
* * * LOW HITPOINT WARNING * * *
You are more poisoned.
The black mamba completely misses you. The black mamba misses you.
The naga warrior hits you but does no damage.
The naga warrior constricts you.
* * * LOW HITPOINT WARNING * * *
You take 4 damage, and have 22/100 hp.
You regained 4 mp, and now have 5/32 mp.
You feel much better.
You feel sick.
You are more poisoned.
The black mamba bites you!
* * * LOW HITPOINT WARNING * * *
Your lightning spire shoots out a bolt of lightning at the black mamba!
The bolt of electricity hits the black mamba!
The bolt of electricity hits the naga ritualist!
You block the black mamba's attack. The naga warrior loses its grip on you.
You regained 3 hp, and now have 25/100 hp.
You regained 4 mp, and now have 9/32 mp.
Casting: Summon Lightning Spire (mildly dangerous; 1% risk of failure)
Confirm with . or Enter, or press ? or * to list all spells.
Aiming: Fireball (mildly dangerous; 1% risk of failure)
Press: ? - help, Shift-Dir - straight line, f/p - black mamba
Aim: a black mamba (moderately wounded, ally target)
You feel a surge of power!
The fireball explodes!
The fireball engulfs the black mamba!!!
You kill the black mamba!
Sif Muna accepts your kill.
The fireball engulfs the naga warrior!!
The naga warrior is heavily wounded.
The fireball engulfs the naga ritualist!!
The naga ritualist is severely wounded.
The fireball engulfs you!!!
You die...

.............#.#..#
##.#..........∩....
#.##.##.....#.#..#
###....####.#...#.#
#.#......#........#
...####.#......##........
................#.......#
#######I##......#........
#N@#......#........
#†.#..>..######....
#N##.....#....#....
.†#......#....#####
...§....#.#.........
....#....#.[.........
.....##...##..........
#......#....#........##
#..#####....#........#.


You could see a naga warrior, a naga ritualist (strong, toxic aura) and a
friendly lightning spire (summoned).

Vanquished Creatures
  Jorgrun (D:15)
  Gastronok (D:8)
  Roxanne (D:14)
  An orc warlord (Orc:2)
  Nessos (D:15)
  Josephine (D:14)
  4 hydras
  4 ogre magi (Orc:2)
  A death knight (D:15)
  Erolcha (D:13)
  Erica (D:10)
  2 anacondas (Snake:1)
  18 two-headed ogres
  3 centaur warriors
  3 boulder beetles
  2 tengu warriors (D:14)
  A vampire mage (D:12)
  A thrashing horror (Lair:5)
  9 death yaks
  A deep troll earth mage (D:15)
  Urug (D:10)
  2 shock serpents
  Amaemon (D:8)
  3 skeletal warriors (D:15)
  3 mana vipers (Snake:1)
  An arcanist (D:14)
  A lindwurm (Lair:5)
  An orc knight (Bailey)
  A naga ritualist (Snake:1)
  A large abomination (Lair:5)
  A harpy (shapeshifter) (Lair:5)
  A phantasmal warrior (D:15)
  5 deep elf pyromancers
  5 cyclopes
  3 salamanders (Snake:1)
  2 manticores
  2 orc sorcerers
  9 ugly things
  Maurice (D:7)
  6 elephants
  4 kobold blastminers
  11 black mambas
  Maggie (D:7)
  An orange demon (D:8)
  2 smoke demons (Lair:5)
  Joseph (D:10)
  9 cane toads
  A torpor snail (Lair:1)
  A gargoyle (D:14)
  An unseen horror (D:10)
  8 rime drakes
  A yaktaur (D:15)
  3 freezing wraiths
  2 tengu conjurers (D:15)
  An efreet (D:15)
  3 komodo dragons
  A troll (shapeshifter) (D:15)
  7 trolls
  3 polar bears
  Prince Ribbit (D:8)
  3 raiju (Lair:5)
  30 blink frogs
  5 dream sheep (Lair:3)
  18 slime creatures
  A centaur simulacrum (D:14)
  Sigmund (D:3)
  A culicivora (shapeshifter) (Lair:5)
  A shadow (D:11)
  7 vampires
  A spriggan (Lair:5)
  8 wraiths
  5 wyverns
  A ynoxinul (Lair:5)
  47 yaks
  A yak (shapeshifter) (D:14)
  5 wargs (Orc:2)
  10 vampire mosquitoes
  4 basilisks
  A redback simulacrum (D:15)
  2 chaos spawn (Lair:5)
  2 steam dragons
  A naga (Snake:1)
  2 acid dragons
  6 water moccasins
  19 orc warriors
  7 ice beasts
  A meliai simulacrum (D:14)
  A sky beast (D:6)
  A black bear (D:6)
  5 small abominations (Lair:5)
  32 ogres
  12 wolves
  3 centaurs (D:8)
  2 phantoms
  Blork the orc (D:4)
  2 kobold brigands
  13 bullfrogs
  2 scorpions (D:5)
  2 wights (D:10)
  11 howler monkeys
  An electric eel (Lair:2)
  3 hounds (D:5)
  A quasit (D:4)
  A jelly (D:5)
  14 orc priests
  A gnoll bouda (D:9)
  2 iguanas
  15 orc wizards
  13 gnolls
  5 adders
  3 shadow imps
  3 white imps
  3 ufetubi
  2 dart slugs
  A ribbon worm (D:4)
  113 orcs
  4 ball pythons
  8 bats
  7 endoplasms
  5 giant cockroaches
  21 goblins
  25 hobgoblins
  3 jackals (D:1)
  20 kobolds
  7 quokkas
  6 frilled lizards
  4 rats
737 creatures vanquished.

Vanquished Creatures (collateral kills)
  Harold (D:9)
  A hydra (Lair:3)
  2 death yaks (Lair:5)
  A thrashing horror (Lair:5)
  2 skeletal warriors (D:15)
  A manticore (D:12)
  5 ugly things
  4 elephants (Lair:3)
  4 black mambas
  2 cane toads
  A komodo dragon (Lair:3)
  A blink frog (Lair:3)
  3 slime creatures
  A vampire (D:12)
  10 yaks
  A basilisk (Lair:5)
  A naga (Snake:1)
  2 wolves (Lair:1)
  2 bullfrogs (Lair:3)
  3 wights (D:10)
  Crazy Yiuf (D:2)
  An orc (D:9)
50 creatures vanquished.

Vanquished Creatures (others)
  A vampire (D:12)
  An endoplasm (D:2)
2 creatures vanquished.

Grand Total: 789 creatures vanquished

Notes
Turn   | Place    | Note
-------+----------+-------------------------------------------
     0 | D:1      | jasper the Deep Elf Alchemist began the quest for the Orb.
     0 | D:1      | Reached XP level 1. HP: 10/10 MP: 6/6
   276 | D:1      | Reached XP level 2. HP: 15/15 MP: 4/8
   818 | D:1      | Reached XP level 3. HP: 19/19 MP: 10/10
   830 | D:1      | Learned a level 3 spell: Mephitic Cloud
  1730 | D:2      | Found Tyfukoma's Magic Scroll Boutique.
  1739 | D:2      | Bought a scroll of fear for 56 gold pieces
  1872 | D:2      | Found an opulent altar of Gozag.
  1888 | D:2      | Reached XP level 4. HP: 24/24 MP: 6/12
  1893 | D:2      | Learned a level 4 spell: Olgreb's Toxic Radiance
  2312 | D:2      | Found a runed translucent door.
  2313 | D:2      | Noticed Crazy Yiuf
  2355 | D:3      | Noticed a +0 dagger
  2356 | D:3      | Found a hide-covered altar of Uskayaw.
  2357 | D:3      | Noticed a +0 dagger
  2594 | D:3      | Noticed Sigmund
  2716 | D:3      | Found a bloodstained altar of Trog.
  3062 | D:3      | Killed Sigmund
  3063 | D:3      | Reached skill level 5 in Spellcasting
  3063 | D:3      | Reached skill level 5 in Alchemy
  3063 | D:3      | Reached XP level 5. HP: 8/28 MP: 3/14
  3100 | D:3      | Noticed a phantom
  3120 | D:3      | Learned a level 4 spell: Sticky Flame
  3319 | D:4      | Noticed Blork the orc
  3339 | D:4      | Killed Blork the orc
  3340 | D:4      | Reached skill level 1 in Fire Magic
  3340 | D:4      | Reached XP level 6. HP: 28/32 MP: 2/15
  3480 | D:4      | Found a shimmering altar of Xom.
  4116 | D:4      | Noticed a steam dragon
  4195 | D:4      | Reached skill level 1 in Fighting
  4480 | D:4      | Found a transporter.
  4480 | D:4      | Noticed minhee2137's ghost (amateur MiBe)
  4483 | D:4      | Killed a steam dragon
  4484 | D:4      | Reached XP level 7. HP: 39/39 MP: 5/16
  4590 | D:5      | Entered Level 5 of the Dungeon
  4607 | D:5      | Noticed zenocrate's ghost (weakling GnDe)
  4620 | D:5      | Found a transporter.
  4811 | D:5      | Found a transporter.
  4882 | D:5      | Reached skill level 5 in Dodging
  5197 | D:5      | Found a shimmering blue altar of Sif Muna.
  5206 | D:5      | Became a worshipper of Sif Muna the Loreminder
  5432 | D:5      | Reached XP level 8. HP: 46/46 MP: 14/17
  5558 | D:5      | Reached skill level 1 in Invocations
  5765 | D:6      | Found an iron altar of Okawaru.
  6128 | D:6      | Found Xunutu's Weapon Shoppe.
  6582 | D:6      | Found Ydahehie's Antique Weapon Shoppe.
  6614 | D:6      | Found a transporter.
  6616 | D:6      | Noticed CougarLife's ghost (novice GnEE)
  6659 | D:6      | Found an ornate altar of the Wu Jian Council.
  6748 | D:6      | Found a transporter.
  6814 | D:6      | Found Maufelurene's Jewellery Emporium.
  6892 | D:7      | Reached XP level 9. HP: 40/53 MP: 10/18
  6907 | D:7      | Reached skill level 5 in Fighting
  6908 | D:7      | Found an opulent altar of Gozag.
  6914 | D:7      | Reached * piety under Sif Muna
  6916 | D:7      | Found a flagged portal.
  7012 | Bailey   | Entered a bailey
  7136 | Bailey   | Noticed an orc knight
  7160 | Bailey   | Killed an orc knight
  7161 | Bailey   | Reached skill level 5 in Invocations
  7488 | Bailey   | Reached ** piety under Sif Muna
  7700 | Bailey   | Noticed an orc warlord
  7777 | Bailey   | Reached XP level 10. HP: 54/60 MP: 6/21
  7785 | Bailey   | Identified the +0 morningstar of the Heavens {pain, Fly
                  | rElec rN+ MP-9}
  7785 | Bailey   | HP: 1/60 [orc warlord/+6 battleaxe (26)]
  7952 | D:7      | Noticed Maggie
  7965 | D:7      | Killed Maggie
  8284 | D:7      | Found a broken altar of Ashenzari.
  8367 | D:7      | Noticed Maurice
  8380 | D:7      | Killed Maurice
  8381 | D:7      | Reached XP level 11. HP: 66/66 MP: 13/22
  8407 | D:7      | Learned a level 1 spell: Apportation
  8804 | D:7      | Found a staircase to the Ecumenical Temple.
  9107 | D:8      | Reached skill level 10 in Dodging
  9451 | D:8      | Found a runed translucent gate.
  9451 | D:8      | Found a runed translucent gate.
  9452 | D:8      | Noticed a red ugly thing
  9453 | D:8      | Found a runed translucent gate.
  9453 | D:8      | Noticed a purple ugly thing
  9453 | D:8      | Noticed a red ugly thing
  9454 | D:8      | Noticed a red ugly thing
  9456 | D:8      | Noticed a cyan ugly thing
  9456 | D:8      | Noticed a red ugly thing
  9456 | D:8      | Noticed a glowing orange brain
  9583 | D:8      | Noticed Prince Ribbit
  9584 | D:8      | Noticed Amaemon
  9608 | D:8      | Killed Prince Ribbit
  9667 | D:8      | Killed Amaemon
 10285 | D:8      | Noticed Gastronok
 10573 | D:9      | Learned a level 4 spell: Summon Lightning Spire
 10740 | D:9      | Noticed a two-headed ogre
 10772 | D:9      | Killed a two-headed ogre
 11111 | D:9      | Reached *** piety under Sif Muna
 11212 | D:9      | Noticed Harold
 11221 | D:9      | Killed Harold
 12580 | D:2      | Killed Crazy Yiuf
 12746 | D:3      | Found a shadowy altar of Dithmenos.
 12937 | D:8      | Found a staircase to the Lair.
 13462 | D:8      | Killed Gastronok
 13463 | D:8      | Reached XP level 12. HP: 52/74 MP: 11/23
 13737 | D:10     | Entered Level 10 of the Dungeon
 14004 | D:10     | Noticed Joseph
 14028 | D:10     | Killed Joseph
 14175 | D:10     | Found a white marble altar of Elyvilon.
 14582 | D:10     | Noticed Urug
 14600 | D:10     | Killed Urug
 14729 | D:10     | Noticed a two-headed ogre
 14743 | D:10     | Killed a two-headed ogre
 14743 | D:10     | Reached **** piety under Sif Muna
 15136 | D:10     | Noticed Erica
 15166 | D:10     | Killed Erica
 15331 | D:10     | Found a basalt altar of Yredelemnul.
 15408 | D:11     | Noticed jasper's ghost (journeyman GrEE)
 15546 | D:11     | Learned a level 5 spell: Iskenderun's Battlesphere
 15659 | D:11     | Noticed a two-headed ogre
 15678 | D:11     | Killed a two-headed ogre
 15880 | D:11     | Found a snail-covered altar of Cheibriados.
 16075 | D:11     | Found a runed translucent gate.
 16075 | D:11     | Found a runed translucent gate.
 16075 | D:11     | Found a runed translucent gate.
 16098 | D:11     | Reached skill level 5 in Conjurations
 17038 | D:12     | Found a runed translucent door.
 17042 | D:12     | Found a shimmering altar of Xom.
 17042 | D:12     | Noticed Enofyubu's ghost (journeyman MiHu)
 17042 | D:12     | Identified the +1 war axe of Invincibility {chaos, rF+
                  | rCorr Str-3}
 17572 | D:12     | Learned a level 6 spell: Bombard
 17698 | D:12     | Found a staircase to the Orcish Mines.
 18043 | D:12     | Reached skill level 1 in Earth Magic
 18239 | D:12     | Found a basalt altar of Yredelemnul.
 18239 | D:12     | Noticed a vampire mage
 18254 | D:12     | Killed a vampire mage
 18733 | Orc:1    | Entered Level 1 of the Orcish Mines
 19149 | Orc:1    | Found a frozen archway.
 19159 | Orc:1    | Found Xulerr's Book Boutique.
 19192 | IceCv    | Entered an ice cave
 19306 | Orc:1    | Reached XP level 13. HP: 80/80 MP: 20/24
 19732 | D:6      | Bought the ring of Wint {Wiz rC- rN+++ Int+10 Stlth-} for
                  | 776 gold pieces
 19802 | Lair:1   | Entered Level 1 of the Lair of Beasts
 19891 | Lair:1   | Reached ***** piety under Sif Muna
 19916 | Lair:1   | Reached skill level 5 in Earth Magic
 21227 | Lair:1   | Received a gift from Sif Muna
 21511 | Lair:2   | Found a staircase to the Snake Pit.
 21916 | Lair:2   | Reached skill level 10 in Conjurations
 22263 | Lair:2   | Learned a level 5 spell: Fireball
 23118 | Lair:3   | Reached skill level 5 in Fire Magic
 24195 | Lair:3   | Found a staircase to the Swamp.
 24357 | Lair:3   | Reached XP level 14. HP: 47/86 MP: 7/28
 24809 | Lair:4   | Found a burning altar of Makhleb.
 25049 | Lair:4   | Found the amulet of the Four Winds {rN+ Will+++ Clar}
 25667 | Lair:5   | Entered Level 5 of the Lair of Beasts
 26365 | Lair:5   | Found a staircase to the Slime Pits.
 26366 | Lair:5   | Found a viscous altar of Jiyva.
 27736 | Lair:5   | Found a one-way gate to the infinite horrors of the Abyss.
 27918 | Lair:5   | Found a corrupted altar of Lugonu.
 28415 | Lair:5   | Reached skill level 10 in Fighting
 28657 | Lair:5   | Identified 2 scrolls of acquirement
 28657 | Lair:5   | Acquired the -2 pair of boots of Eternity {*Slow rElec
                  | Int+3 Dex+6}
 28658 | Lair:5   | Acquired 812 gold pieces
 29265 | Orc:2    | Entered Level 2 of the Orcish Mines
 29265 | Orc:2    | Found a radiant altar of Vehumet.
 29393 | Orc:2    | Received a gift from Sif Muna
 29394 | Orc:2    | Got Sif Muna's Incunabulum of Blows {god gift}
 29424 | Orc:2    | Reached XP level 15. HP: 68/92 MP: 6/29
 29756 | Orc:2    | Found a staircase to the Elven Halls.
 29866 | Orc:2    | Found a radiant altar of Vehumet.
 30094 | Orc:2    | Found a bloodstained altar of Trog.
 30264 | Orc:2    | Found Siefam's Antique Armour Shop.
 30264 | Orc:2    | Found Elurru Geuc's Assorted Antiques.
 30265 | Orc:2    | Found Buyly's Weapon Shoppe.
 30265 | Orc:2    | Found Kyntymia's Weapon Boutique.
 30273 | Orc:2    | Bought a scroll of teleportation for 60 gold pieces
 30431 | Orc:2    | Bought a glowing scarf for 160 gold pieces
 30431 | Orc:2    | Bought a runed orb for 240 gold pieces
 30664 | Orc:1    | Bought a book of Misfortune for 442 gold pieces
 30984 | D:13     | Noticed Erolcha
 31350 | D:13     | Killed Erolcha
 31803 | D:13     | Reached skill level 10 in Spellcasting
 31908 | D:13     | Learned a level 5 spell: Yara's Violent Unravelling
 32333 | D:14     | Reached skill level 15 in Dodging
 32631 | D:14     | Noticed Josephine
 32634 | D:14     | Killed Josephine
 32830 | D:14     | Noticed Roxanne
 32838 | D:14     | Killed Roxanne
 33078 | D:14     | Found a runed translucent door.
 33078 | D:14     | Found a shimmering altar of Xom.
 33078 | D:14     | Noticed Kibis's ghost (journeyman DsGl)
 33151 | D:14     | Reached skill level 1 in Shields
 33309 | D:14     | Identified the +1 leather armour of Feral Intercession
                  | {+Inv rPois Str+3}
 33810 | D:14     | Reached skill level 15 in Conjurations
 34143 | D:14     | Found a gate to the Vaults.
 34330 | D:15     | Entered Level 15 of the Dungeon
 34465 | D:15     | Noticed Nessos
 34470 | D:15     | Killed Nessos
 34935 | D:15     | Reached XP level 16. HP: 100/100 MP: 25/32
 34976 | D:15     | Noticed Jorgrun
 34981 | D:15     | Killed Jorgrun
 34995 | D:15     | Reached skill level 5 in Shields
 35020 | D:15     | Reached skill level 1 in Shapeshifting
 35604 | D:15     | Found a staircase to the Depths.
 35850 | D:15     | Found a glowing golden altar of the Shining One.
 35850 | D:15     | Found a glowing silver altar of Zin.
 35850 | D:15     | Found a white marble altar of Elyvilon.
 36192 | Snake:1  | Entered Level 1 of the Snake Pit
 36619 | Snake:1  | Reached skill level 5 in Shapeshifting
 37316 | Snake:1  | Found Ufac's Jewellery Shoppe.
 37396 | Snake:1  | Killed themself with a badly aimed fireball

Illustrated notes

Levels and vault maps discovered:
D:1:      minmay_arrival_split_and_join, layout_basic
D:2:      layout_loops_ring, basic_altar, serial_shops, shop,
          minmay_heptomino_w4, uniq_crazy_yiuf_cottage
D:3:      layout_loops_ring, mainiacjoe_overflow_alcove_2,
          dancing_weapons_uskayaw, mainiacjoe_overflow_surrounded_room,
          minmay_between, uniq_sigmund
D:4:      layout_loops_cross, old_standard_altar, serial_demonic,
          serial_demonic_c, serial_demonic_c, serial_demonic_c,
          serial_demonic_e, gammafunk_ghost_smash, uniq_blork_the_orc
D:5:      layout_gridville, lemuel_round_altar, gammafunk_ghost_arena
D:6:      layout_cave_pools, nicolae_wu_jian_wuxing_cycle,
          okawaru_ov_weapons_minmay, gammafunk_ghost_stat_death, serial_shops,
          shop, kennysheep_little_box, nicolae_shop_bloodbath_and_beyond
D:7:      layout_cave_pods, mainiacjoe_overflow_small_starburst,
          mainiacjoe_overflow_chevrons, minmay_temple_entry_statues_pillars,
          enter_bailey_3, uniq_maggie, uniq_maurice
D:8:      layout_basic, hellmonk_lair_entry_icy,
          ploomutoo_gammafunk_ghost_potion_laboratory, uniq_gastronok,
          uniq_prince_ribbit1, uniq_amaemon
D:9:      layout_roguey [special_room_orc], nrook_uturn, uniq_harold
D:10:     layout_roguey, kennysheep_ying_yang, uniq_urug, uniq_erica,
          uniq_joseph
D:11:     layout_roguey, gammafunk_ghost_icy,
          serial_library_hellmonk_filled_rooms, chei_slow_surprise
D:12:     layout_loops_ring, hiddenorc2_lemuel, ebering_ghost_xom,
          nicolae_nh_vlads_tower
D:13:     layout_irregular_city, uniq_erolcha
D:14:     layout_irregular_city, david_vaults_4, nicolae_wwwww,
          ebering_ghost_xom, uniq_josephine, uniq_roxanne
D:15:     hellmonk_depths_entry_around_the_bend, layout_basic,
          good_gods_mini_temple, minmay_misc_feat_iff, uniq_jorgrun, uniq_nessos
Lair:1:   layout_layer_cave, grunt_megastairs_5
Lair:2:   layout_gridlike, dummy_snake_entry, nicolae_quartered_pool_super,
          grunt_megastairs_4
Lair:3:   layout_chaotic_city, swamp_mist
Lair:4:   layout_loops_ring, basic_altar
Lair:5:   hellmonk_lair_end_abyssal_woods, layout_big_grid, slime_entry_1,
          minmay_lair_drake_nest, serial_bayou_shore_b, serial_bayou_shore_b
Snake:1:  layout_honeycomb, serial_shops, nicolae_shop_advertising_works
          [nicolae_subvault_shop_adworks], nicolae_shop_unique_rings,
          nicolae_shop_self_help
Orc:1:    layout_diamond_mine, portal_ice_cave_entry_pillars_1, serial_shops,
          nicolae_shop_tiny_statue_garden
Orc:2:    st_orc_ogre_mass, layout_caves, basic_altar, hangedman_feature_mirror,
          hangedman_feature_mirror

Skill      XL: |  1  2  3  4  5  6  7  8  9 10 11 12 13 14 15 16 |
---------------+-------------------------------------------------+-----
Conjurations   | 2 3 7 10 13 15 | 15.0
Spellcasting   | 4 5 6 8 10 | 10.0
Alchemy        | 4 5 6 |  6.0
Air Magic      | 2 4 |  4.2
Fire Magic     | 1 2 7 8 |  8.0
Dodging        | 3 5 7 9 11 12 14 15 | 15.1
Fighting       | 1 3 4 6 8 9 10 11 | 11.0
Invocations    | 4 12 13 | 13.0
Summonings     | 4 |  4.0
Earth Magic    | 3 7 |  7.0
Shields        | 4 5 |  5.0
Shapeshifting  | 6 |  6.8
Stealth        | |  2.4

Action                     |  1- 3 |  4- 6 |  7- 9 | 10-12 | 13-15 | 16-18 || total
---------------------------+-------+-------+-------+-------+-------+-------++-------
  Melee: Club              |    14 |       |       |       |       |       ||    14
         Punch             |     1 |       |       |     6 |     4 |       ||    11
         Short sword       |       |     9 |    29 |   145 |       |       ||   183
         Long sword        |       |       |       |    64 |    58 |       ||   122
         Staff             |       |       |       |       |   166 |     9 ||   175
  Throw: Stone             |     1 |       |       |       |       |       ||     1
         Dart              |     6 |       |       |     2 |       |       ||     8
   Cast: Sting             |    78 |    68 |    44 |    92 |    11 |       ||   293
         Olgreb's Toxic Ra |       |    14 |    39 |   150 |   153 |     3 ||   359
         Mephitic Cloud    |       |     2 |    10 |    16 |     3 |       ||    31
         Sticky Flame      |       |     1 |     4 |    48 |    18 |       ||    71
         Summon Lightning  |       |       |       |    20 |    34 |     8 ||    62
         Iskenderun's Batt |       |       |       |     7 |       |       ||     7
         Bombard           |       |       |       |       |   139 |    33 ||   172
         Fireball          |       |       |       |       |    92 |    21 ||   113
         Lee's Rapid Decon |       |       |       |       |     2 |       ||     2
 Invoke: Channel Magic     |       |       |       |     1 |    15 |     3 ||    19
         Forget Spell      |       |       |       |     1 |       |       ||     1
         Divine Exegesis   |       |       |       |       |     2 |       ||     2
  Evoke: Wand              |       |       |     4 |     3 |     3 |     3 ||    13
    Use: Scroll            |     3 |     3 |    13 |     8 |    10 |       ||    37
         Potion            |       |       |     1 |     5 |     3 |     3 ||    12
   Stab: Confused          |       |       |       |     3 |       |       ||     3
         Distracted        |       |       |       |     2 |     3 |       ||     5
 Armour: Robe              |    15 |    28 |    36 |    10 |   129 |    28 ||   246
         Steam dragon scal |       |       |       |   168 |    72 |       ||   240
  Dodge: Dodged            |    27 |    21 |    46 |   311 |   464 |    42 ||   911
  Block: Buckler           |       |       |       |       |    15 |    17 ||    32

Table legend: (Time is in decaauts)
 A = Elapsed time spent in this place.
 B = Non-inter-level travel time spent in this place.
 C = Inter-level travel time spent in this place.
 D = Time resting spent in this place.
 E = Time spent auto-exploring this place.
 F = Levels seen in this place.
 G = Mean time per level.
                   A        B        C        D        E       F      G
               +--------+--------+--------+--------+--------+-----+--------+
         Total |  37561 |  35344 |   2217 |   9512 |  20193 |  25 | 1502.4 |
       Dungeon |  23933 |  22257 |   1676 |   5058 |  13746 |  15 | 1595.5 |
          Lair |   9566 |   9240 |    326 |   3088 |   4819 |   5 | 1913.2 |
     Snake Pit |   1101 |   1101 |      0 |    731 |    256 |   1 | 1101.0 |
  Orcish Mines |   2149 |   1935 |    214 |    250 |   1358 |   2 | 1074.5 |
        Bailey |    804 |    804 |      0 |    385 |     13 |   1 |  804.0 |
      Ice Cave |      5 |      5 |      0 |      0 |      0 |   1 |    5.0 |
               +--------+--------+--------+--------+--------+-----+--------+

Top non-repeatable levels by time:
  Lair:5: 3107 daAuts
     D:8: 2440 daAuts
    D:12: 2418 daAuts
     D:9: 1951 daAuts
  Lair:3: 1848 daAuts
    D:14: 1819 daAuts
  Lair:1: 1813 daAuts
    D:10: 1659 daAuts
    D:11: 1651 daAuts
    D:13: 1638 daAuts
  Lair:2: 1544 daAuts
    D:15: 1521 daAuts
     D:7: 1445 daAuts
     D:5: 1390 daAuts
     D:4: 1339 daAuts
